Map: Disco Bloodbath LE

Players

Xaladin

  • Race: Zerg Zerg
  • Spawn Location: 9:00

pHARM - Winner!

  • Race: Zerg Zerg
  • League: Platinum
  • Spawn Location: 3:00

VOD

Have the link to the VOD?

Description

Time

  • Played on: Aug. 24, 2019, 8:33 p.m.
  • Length: 10:59
Show
View Real Time Build Order
Export as new Build Order

Xaladin Zerg 

Build Orders: Hatch First, Roach Nydus 

Get SALT Encoding   

  12  0:02  Drone  
  13  0:15  Overlord  
  13  0:23  Drone  
  14  0:35  Drone  
  15  0:43  Drone x2  
  17  0:57  Drone  
  17  1:00  Hatchery  
  17  1:01  Drone  
  18  1:09  Extractor  
  17  1:17  Spawning Pool  
  16  1:25  Drone  
  16  1:26  Drone  
  19  1:32  Drone  
  19  1:42  Overlord  
  19  2:04  Zergling x2  
  19  2:05  Zergling x2  
  23  2:11  Drone  
  23  2:15  Drone  
  25  2:19  Lair  
  23  2:25  Zergling x2, Extractor  
  23  2:26  Queen  
  25  2:45  Drone  
  25  2:46  Drone  
  25  2:47  Drone x2  
  25  2:48  Drone  
  30  3:02  Roach Warren  
  30  3:03  Evolution Chamber  
  29  3:05  Drone  
  29  3:06  Drone x2  
  29  3:07  Queen  
  33  3:20  Overlord, Nydus Network  
  33  3:23  Overlord  
  32  3:37  Zerg Missile Weapons Level 1  
  32  3:38  Queen  
  34  3:43  Glial Reconstitution  
  34  3:51  Queen  
  36  4:04  Roach  
  36  4:05  Roach x2  
  42  4:12  Overlord  
  42  4:19  Roach  
  44  4:28  Overlord  
  44  4:30  Queen  
  46  4:35  Roach x2  
  50  4:39  Roach  
  52  4:47  Roach  
  52  4:48  Roach  
  56  5:01  Roach x2  
  56  5:03  Nydus Canal  
  60  5:10  Overlord  
  60  5:11  Overlord  
  60  5:30  Roach x3  
  60  5:31  Roach x2  
  54  5:46  Roach  
  54  5:47  Roach x3  
  62  5:57  Nydus Canal  
  62  6:15  Drone x3  
  62  6:16  Drone x3  
  68  6:54  Zerg Missile Weapons Level 2  
  68  6:58  Tunneling Claws  
  68  6:59  Evolution Chamber  
  67  7:12  Metabolic Boost  
  67  7:14  Overlord, Drone  
  67  7:15  Overlord  
  68  7:16  Overseer  
  68  7:19  Hatchery  
  67  7:23  Drone  
  67  7:25  Zerg Ground Armor Level 1  
  67  7:28  Overlord x4  
  68  7:32  Pneumatized Carapace, Queen  
  70  8:03  Roach x7  
  70  8:04  Roach  
  70  8:05  Zergling x4  
  88  8:22  Roach x2  
  88  8:23  Roach x2  
  96  8:39  Drone x4, Extractor  
  96  8:40  Drone, Queen  
  102  8:41  Drone x2  
  102  8:42  Drone  
  105  8:52  Ravager  
  105  8:54  Overlord  
  105  8:55  Overlord x3  
  106  9:14  Extractor  
  105  9:29  Extractor  
  104  9:42  Drone  
  104  9:43  Drone x2  
  107  9:49  Roach x6  
  119  9:54  Drone x3  
  119  9:55  Drone  
  119  9:56  Infestation Pit, Drone x4  
  119  9:58  Queen  
  120  10:19  Roach x5  
  120  10:20  Roach x4  
  117  10:22  Roach  
  105  10:34  Roach x3  
Show
View Real Time Build Order
Export as new Build Order

pHARM Zerg - Winner!

Build Orders: Hatch First 

Get SALT Encoding   

  12  0:01  Drone  
  13  0:14  Overlord  
  13  0:22  Drone  
  14  0:32  Drone x2  
  16  0:40  Drone  
  17  0:55  Hatchery  
  16  1:02  Drone x2  
  18  1:16  Spawning Pool  
  18  1:17  Drone  
  18  1:24  Drone  
  19  1:30  Drone  
  20  1:41  Extractor  
  20  1:45  Drone  
  20  2:03  Overlord  
  20  2:04  Queen  
  20  2:07  Queen  
  24  2:09  Drone x2  
  26  2:17  Drone  
  27  2:27  Drone x2  
  29  2:37  Overlord  
  29  2:38  Drone  
  29  2:40  Drone  
  31  2:45  Queen  
  31  2:47  Lair  
  33  2:53  Drone  
  33  2:54  Drone  
  35  3:00  Drone x2  
  37  3:07  Drone  
  38  3:17  Evolution Chamber  
  38  3:18  Drone x6  
  38  3:19  Drone  
  44  3:20  Roach Warren  
  44  3:21  Evolution Chamber  
  42  3:28  Drone x2  
  44  3:36  Overlord  
  44  3:46  Zerg Missile Weapons Level 1  
  44  3:47  Extractor  
  44  3:48  Extractor  
  42  3:51  Overlord x3  
  42  3:59  Drone x4  
  42  4:00  Glial Reconstitution  
  46  4:17  Drone  
  46  4:22  Drone  
  48  4:34  Roach x7  
  62  4:38  Hatchery  
  62  4:41  Roach  
  63  4:51  Roach x2  
  67  4:59  Roach  
  69  5:11  Roach x3  
  69  5:13  Overlord x2  
  75  5:27  Roach x2  
  75  5:28  Roach  
  75  5:34  Roach x3  
  72  6:12  Zerg Missile Weapons Level 2  
  72  6:13  Zerg Ground Armor Level 1  
  72  6:15  Drone x6  
  78  6:24  Queen x2  
  82  6:40  Drone x8  
  90  6:54  Queen  
  90  6:58  Extractor  
  90  6:59  Queen  
  93  7:07  Hydralisk Den  
  92  7:22  Roach x3  
  98  7:23  Overlord x4  
  98  7:24  Overlord x2  
  98  7:30  Extractor  
  98  7:32  Extractor  
  98  7:33  Drone  
  98  7:34  Drone  
  98  7:37  Grooved Spines  
  98  8:03  Drone x11  
  98  8:04  Drone x4  
  113  8:28  Roach  
  113  8:29  Roach x6  
  127  8:48  Muscular Augments  
  127  8:57  Roach  
  127  8:58  Roach x8  
  127  8:59  Overlord  
  127  9:00  Overlord  
  127  9:01  Infestation Pit  
  144  9:26  Spine Crawler  
  144  9:27  Spine Crawler  
  144  9:28  Spine Crawler  
  144  9:30  Hatchery  
  140  9:31  Spore Crawler  
  140  9:32  Drone x2, Spine Crawler  
  140  9:41  Roach  
  140  9:42  Roach x6  
  140  9:43  Overlord x4  
  154  10:13  Spine Crawler  
  145  10:15  Spine Crawler  
  126  10:24  Drone x5  
  126  10:25  Drone x9  
Tags
 
League
Platinum
Matchup
ZvZ
Race
Zerg
Replay Pack
10.7.19
Spawn Locations
Cross Positions
Strategy
Roach Nydus
Add a new tag
Caveats
  • Supply blocks, unpowered buildings, or Contaminate may cause inaccurate times.
  • Supply counts are checked every 10 seconds.